Workbook

Sheet P&L Forecast
A1: ESTIMATED INCOME EXPENSE (Show total for first Twelve (12) Months) | J1: Name of Business:
B3: indicates formula driven - do not input figures
P5: YEAR 1
A7: MONTH | D7: January | E7: February | F7: March | G7: April | H7: May | I7: June | J7: July | K7: August | L7: September | M7: October | N7: November | O7: December | P7: TOTAL | R7: YEAR 2
A8: Sales | P8: =SUM(D8:O8) -> 0 | R8: Sales
A9: Cost of Sales @ | C9: 0 | D9: =D8*$C$9 -> 0 | E9: =E8*$C$9 -> 0 | F9: =F8*$C$9 -> 0 | G9: =G8*$C$9 -> 0 | H9: =H8*$C$9 -> 0 | I9: =I8*$C$9 -> 0 | J9: =J8*$C$9 -> 0 | K9: =K8*$C$9 -> 0 | ... O9: =O8*$C$9 -> 0 | P9: =SUM(D9:O9) -> 0 | R9: Cost of Sales @ | T9: 0
A10: GROSS PROFIT | D10: =D8-D9 -> 0 | E10: =E8-E9 -> 0 | F10: =F8-F9 -> 0 | G10: =G8-G9 -> 0 | H10: =H8-H9 -> 0 | I10: =I8-I9 -> 0 | J10: =J8-J9 -> 0 | K10: =K8-K9 -> 0 | ... O10: =O8-O9 -> 0 | P10: =SUM(D10:O10) -> 0 | R10: GROSS PROFIT | T10: =T8-T9 -> 0
A12: Accounting/Legal | P12: =SUM(D12:O12) -> 0 | R12: Accounting/Legal
A13: Advertising | P13: =SUM(D13:O13) -> 0 | R13: Advertising
A14: Auto/Truck Expense | P14: =SUM(D14:O14) -> 0 | R14: Auto/Truck Expense
A15: Bad Debts | P15: =SUM(D15:O15) -> 0 | R15: Bad Debts
A16: Depreciation | P16: =SUM(D16:O16) -> 0 | R16: Depreciation
A17: Entertainment/Travel | P17: =SUM(D17:O17) -> 0 | R17: Entertainment/Travel
A18: Equipment Rental | P18: =SUM(D18:O18) -> 0 | R18: Equipment Rental
A19: Insurance | P19: =SUM(D19:O19) -> 0 | R19: Insurance
A20: Interest | P20: =SUM(D20:O20) -> 0 | R20: Interest
A21: Office Expense | P21: =SUM(D21:O21) -> 0 | R21: Office Expense
A22: Officer/Owner Salary | P22: =SUM(D22:O22) -> 0 | R22: Officer/Owner Salary
A23: Rent Property | P23: =SUM(D23:O23) -> 0 | R23: Rent Property
... A29: Misc (Housekeeping) | P29: =SUM(D29:O29) -> 0 | R29: Miscellaneous
A30: Total Expenses | D30: =SUM(D12:D29) -> 0 | E30: =SUM(E12:E29) -> 0 | F30: =SUM(F12:F29) -> 0 | G30: =SUM(G12:G29) -> 0 | H30: =SUM(H12:H29) -> 0 | I30: =SUM(I12:I29) -> 0 | J30: =SUM(J12:J29) -> 0 | K30: =SUM(K12:K29) -> 0 | ... O30: =SUM(O12:O29) -> 0 | P30: =SUM(D30:O30) -> 0 | R30: Total Expenses | T30: =SUM(T12:T29) -> 0
A32: Net Profit | D32: =D10-D30 -> 0 | E32: =E10-E30 -> 0 | F32: =F10-F30 -> 0 | G32: =G10-G30 -> 0 | H32: =H10-H30 -> 0 | I32: =I10-I30 -> 0 | J32: =J10-J30 -> 0 | K32: =K10-K30 -> 0 | ... P32: =P10-P30 -> 0 | R32: Net Profit | T32: =T10-T30 -> 0
A35: Loan Payment | P35: =SUM(D35:O35) -> 0 | R35: Annual Loan Payment | T35: 0
A36: Balance Retained | D36: =D32-D35 -> 0 | E36: =E32-E35 -> 0 | F36: =F32-F35 -> 0 | G36: =G32-G35 -> 0 | H36: =H32-H35 -> 0 | I36: =I32-I35 -> 0 | J36: =J32-J35 -> 0 | K36: =K32-K35 -> 0 | ... P36: =P32-P35 -> 0 | R36: Balance Retained | T36: =T32-T35 -> 0
D39: Signature________________________________________________________ Date:_______________

Sheet Assumptions
A1: ASSUMPTION NARRATIVE - REQUIRED BY SBA
A3: 1. What is the basis for these Assumptions? Please provide justification for projected revenues & expenses. E.g.: What efforts are being done by company to impact projected growth? New product line? How will new clients be obtained? Will there be change in business model? Change in management? What are the new opportunities? How do you compare to industry peers?
A11: 2. Why will sales/revenues increase as a result of the relocation/expansion? Provide supporting information, include need for additional space. Discuss the new location, facility improvements and how this will impact projected revenue. How will expenses be impacted? Any project cost reductions or availability of streamlining processes for efficiencies to reduce costs? Provide a general analysis of new location compared to existing.
A19: 3. Does projections reflect increase to expenses associated with larger building (utilities, taxes, etc.) Are those expenses reflected in projections? Yes/No? If no, please explain:
A27: 4. Discuss any seasonality. This seasonality should be reflected in the month-by-month projected figures for both revenues and expenses.
A35: 5. If projecting to increase staff, reflect the increase in expenses, and explain the actual increase to staff (roles, management, #, etc.).
A43: 6. Discuss competition and how that impacts projected numbers.
A51: 7. Discuss how the growth will be funded. Does the company have a business line of credit to support growth? Are there other means of generating additional working capital?
A59: 8. Discuss any other information that is relevant to the subject business operations.

Sheet Cash Budget
A1: ESTIMATED CASH BUDGET (Show total for first Twelve (12) Months) | J1: Name of Business:
B3: are required input fields
C5: Jan | D5: Feb | E5: Mar | F5: Apr | G5: May | H5: Jun | I5: Jul | J5: Aug | K5: Sep | L5: Oct | M5: Nov | N5: Dec | O5: Total
A6: Beginning Cash | C6: 0 | D6: =C25 -> 0 | E6: =D25 -> 0 | F6: =E25 -> 0 | G6: =F25 -> 0 | H6: =G25 -> 0 | I6: =H25 -> 0 | J6: =I25 -> 0 | K6: =J25 -> 0 | ... N6: =M25 -> 0 | O6: =C6 -> 0
A8: Projected Sales | C8: ='P&L Forecast'!D8 -> 0 | D8: ='P&L Forecast'!E8 -> 0 | E8: ='P&L Forecast'!F8 -> 0 | F8: ='P&L Forecast'!G8 -> 0 | G8: ='P&L Forecast'!H8 -> 0 | H8: ='P&L Forecast'!I8 -> 0 | I8: ='P&L Forecast'!J8 -> 0 | J8: ='P&L Forecast'!K8 -> 0 | ... N8: ='P&L Forecast'!O8 -> 0 | O8: =SUM(C7:N7) -> 0
A9: Cash Sales @ | B9: 0.05 | C9: =$B$9*C8 -> 0 | D9: =$B$9*D8 -> 0 | E9: =$B$9*E8 -> 0 | F9: =$B$9*F8 -> 0 | G9: =$B$9*G8 -> 0 | H9: =$B$9*H8 -> 0 | I9: =$B$9*I8 -> 0 | J9: =$B$9*J8 -> 0 | ... N9: =$B$9*N8 -> 0 | O9: =SUM(C8:N8) -> 0
A10: Collections-30 days @ | B10: 0.85 | D10: =$B$10*C8 -> 0 | E10: =$B$10*D8 -> 0 | F10: =$B$10*E8 -> 0 | G10: =$B$10*F8 -> 0 | H10: =$B$10*G8 -> 0 | I10: =$B$10*H8 -> 0 | J10: =$B$10*I8 -> 0 | K10: =$B$10*J8 -> 0 | ... N10: =$B$10*M8 -> 0 | O10: =SUM(C9:N9) -> 0
A11: Collections-60 days @ | B11: 0.08 | E11: =$B$11*C8 -> 0 | F11: =$B$11*D8 -> 0 | G11: =$B$11*E8 -> 0 | H11: =$B$11*F8 -> 0 | I11: =$B$11*G8 -> 0 | J11: =$B$11*H8 -> 0 | K11: =$B$11*I8 -> 0 | L11: =$B$11*J8 -> 0 | ... N11: =$B$11*L8 -> 0 | O11: =SUM(C10:N10) -> 0
A12: Collections-90 days @ | B12: 0.02 | F12: =$B$12*C8 -> 0 | G12: =$B$12*D8 -> 0 | H12: =$B$12*E8 -> 0 | I12: =$B$12*F8 -> 0 | J12: =$B$12*G8 -> 0 | K12: =$B$12*H8 -> 0 | L12: =$B$12*I8 -> 0 | M12: =$B$12*J8 -> 0 | N12: =$B$12*K8 -> 0 | O12: =SUM(C11:N11) -> 0
A13: Total Cash Receipts | B13: =SUM(B9:B12) -> 1 | C13: =SUM(C9:C12) -> 0 | D13: =SUM(D9:D12) -> 0 | E13: =SUM(E9:E12) -> 0 | F13: =SUM(F9:F12) -> 0 | G13: =SUM(G9:G12) -> 0 | H13: =SUM(H9:H12) -> 0 | I13: =SUM(I9:I12) -> 0 | ... N13: =SUM(N9:N12) -> 0 | O13: =SUM(C12:N12) -> 0
A15: Projected Inv. Purchases | C15: ='P&L Forecast'!D9 -> 0 | D15: ='P&L Forecast'!E9 -> 0 | E15: ='P&L Forecast'!F9 -> 0 | F15: ='P&L Forecast'!G9 -> 0 | G15: ='P&L Forecast'!H9 -> 0 | H15: ='P&L Forecast'!I9 -> 0 | I15: ='P&L Forecast'!J9 -> 0 | J15: ='P&L Forecast'!K9 -> 0 | ... N15: ='P&L Forecast'!O9 -> 0 | O15: =SUM(C14:N14) -> 0
A16: Cash Purchases @ | B16: 0.2 | C16: =$B$16*C15 -> 0 | D16: =$B$16*D15 -> 0 | E16: =$B$16*E15 -> 0 | F16: =$B$16*F15 -> 0 | G16: =$B$16*G15 -> 0 | H16: =$B$16*H15 -> 0 | I16: =$B$16*I15 -> 0 | J16: =$B$16*J15 -> 0 | ... N16: =$B$16*N15 -> 0 | O16: =SUM(C15:N15) -> 0
A17: Payments-30 days @ | B17: 0.75 | D17: =$B$17*C15 -> 0 | E17: =$B$17*D15 -> 0 | F17: =$B$17*E15 -> 0 | G17: =$B$17*F15 -> 0 | H17: =$B$17*G15 -> 0 | I17: =$B$17*H15 -> 0 | J17: =$B$17*I15 -> 0 | K17: =$B$17*J15 -> 0 | ... N17: =$B$17*M15 -> 0 | O17: =SUM(C16:N16) -> 0
A18: Payments-60 days @ | B18: 0.05 | E18: =$B$18*C15 -> 0 | F18: =$B$18*D15 -> 0 | G18: =$B$18*E15 -> 0 | H18: =$B$18*F15 -> 0 | I18: =$B$18*G15 -> 0 | J18: =$B$18*H15 -> 0 | K18: =$B$18*I15 -> 0 | L18: =$B$18*J15 -> 0 | ... N18: =$B$18*L15 -> 0 | O18: =SUM(C17:N17) -> 0
A19: Operating Expenses | B19: =SUM(B16:B18) -> 1 | C19: ='P&L Forecast'!D30 -> 0 | D19: ='P&L Forecast'!E30 -> 0 | E19: ='P&L Forecast'!F30 -> 0 | F19: ='P&L Forecast'!G30 -> 0 | G19: ='P&L Forecast'!H30 -> 0 | H19: ='P&L Forecast'!I30 -> 0 | I19: ='P&L Forecast'!J30 -> 0 | J19: ='P&L Forecast'!K30 -> 0 | ... N19: ='P&L Forecast'!O30 -> 0 | O19: =SUM(C18:N18) -> 0
A20: Other Expenses | D20: =$C$20 -> 0 | E20: =$C$20 -> 0 | F20: =$C$20 -> 0 | G20: =$C$20 -> 0 | H20: =$C$20 -> 0 | I20: =$C$20 -> 0 | J20: =$C$20 -> 0 | K20: =$C$20 -> 0 | ... M20: =$C$20 -> 0 | O20: =SUM(C19:N19) -> 0
A21: Total Disbursements | C21: =SUM(C16:C20) -> 0 | D21: =SUM(D16:D20) -> 0 | E21: =SUM(E16:E20) -> 0 | F21: =SUM(F16:F20) -> 0 | G21: =SUM(G16:G20) -> 0 | H21: =SUM(H16:H20) -> 0 | I21: =SUM(I16:I20) -> 0 | J21: =SUM(J16:J20) -> 0 | ... N21: =SUM(N16:N20) -> 0 | O21: =SUM(C20:N20) -> 0
A23: Net Cash Flow | C23: =C13-C21 -> 0 | D23: =D13-D21 -> 0 | E23: =E13-E21 -> 0 | F23: =F13-F21 -> 0 | G23: =G13-G21 -> 0 | H23: =H13-H21 -> 0 | I23: =I13-I21 -> 0 | J23: =J13-J21 -> 0 | ... O23: =O13-O21 -> 0
A25: Ending Cash Balance | C25: =C6+C23 -> 0 | D25: =D6+D23 -> 0 | E25: =E6+E23 -> 0 | F25: =F6+F23 -> 0 | G25: =G6+G23 -> 0 | H25: =H6+H23 -> 0 | I25: =I6+I23 -> 0 | J25: =J6+J23 -> 0 | ... N25: =N6+N23 -> 0 | O25: =N25 -> 0
